 Dungeon Crawl Stone Soup version 0.30-a0-586-g23e55c9e0a (webtiles) character file.

Game seed: 989491335038458873

670 kristalshard the Cudgeller (level 7, -8/44 HPs)
             Began as a Gargoyle Fighter on Jan 2, 2023.
             Was an Initiate of Yredelemnul.
             Mangled by an ogre
             ... wielding a +0 giant club
              (19 damage)
             ... on level 5 of the Dungeon.
             The game lasted 00:08:48 (3761 turns).

kristalshard the Cudgeller (Gargoyle Fighter)       Turns: 3761, Time: 00:08:49

Health: -8/44      AC: 14    Str: 21    XL:     7   Next: 58%
Magic:  7/7        EV: 14    Int:  9    God:    Yredelemnul [......]
Gold:   178        SH:  5    Dex: 15    Spells: 6/6 levels left

rFire   . . .      SeeInvis .    r - +0 spear (pain)
rCold   . . .      Faith    .    c - +0 buckler
rNeg    + . .      Spirit   .    b - +2 scale mail
rPois   ∞          Reflect  .    (no helmet)
rElec   +          Harm     .    (no cloak)
rCorr   .          Rampage  .    (no gloves)
Will    .....                    (no boots) Stlth
                                 (no amulet)
HPRegen 0.27/turn                j - +5 ring of evasion
MPRegen 0.10/turn                i - +6 ring of dexterity

@: no status effects
A: sickness immunity, AC +4, negative energy resistance 1, electricity
resistance, torment resistance 1, petrification resistance
a: Renounce Religion, Recall Undead Harvest


You were on level 5 of the Dungeon.
You worshipped Yredelemnul.
Yredelemnul was noncommittal.
You visited 1 branch of the dungeon, and saw 5 of its levels.

You collected 288 gold pieces.
You spent 110 gold pieces at shops.

Inventory:

Hand Weapons
 a - a +0 flail
 r - a +0 spear of pain (weapon)
Armour
 b - a +2 scale mail (worn)
 c - a +0 buckler (worn)
Jewellery
 f - a ring of protection from cold
 i - a +6 ring of dexterity (right hand)
 j - a +5 ring of evasion (left hand)
Scrolls
 k - a scroll of magic mapping {unknown}
 n - a scroll of identify
 q - a scroll of blinking {unknown}
Potions
 d - a potion of attraction
 e - 3 potions of haste
 g - a potion of berserk rage {unknown}
 h - a potion of mutation
 l - a potion of might
 m - 2 potions of curing
 o - a potion of flight {unknown}
 p - a potion of magic {unknown}


   Skills:
 + Level 4.8 Fighting
 + Level 5.5 Maces & Flails
 + Level 5.4 Armour
 + Level 4.8 Shields


You had 6 spell levels left.
You didn't know any spells.
Your spell library contained the following spells:

 Spells                   Type           Power      Damage    Failure   Level
 Sandblast                Erth           0%         2d4       80%         1
 Blink                    Tloc           0%         N/A       90%         2
 Ensorcelled Hibernation  Hex/Ice        0%         N/A       90%         2
 Momentum Strike          Conj/Tloc      0%         3d8       90%         2
 Passwall                 Tmut/Erth      0%         N/A       90%         2
 Lesser Beckoning         Tloc           0%         N/A       99%         3
 Stone Arrow              Conj/Erth      0%         3d7       99%         3
 Swiftness                Air            0%         N/A       99%         3


Dungeon Overview and Level Annotations

Branches:
Dungeon (5/15)
 Temple: D:4-7

Altars:
Okawaru
Uskayaw
Xom
Yredelemnul

Shops:
D:3 !

Annotations:
D:5 1 runed translucent door


Innate Abilities, Weirdness & Mutations

You are immune to sickness and miasma.
Your stone body is resilient. (AC +4)
You are immune to poison.
You resist negative energy. (rN+)
You are resistant to electric shocks. (rElec)
You are resistant to unholy torment.
You are immune to petrification.


Message History

r - a +0 spear of pain You have a feeling of ineptitude.
r - a +0 spear of pain (weapon)
HP restored.
You see here a +0 spear.
Found a pair of gloves.
You see here a staff of earth.
An ogre comes into view. It is wielding a +0 giant club.
A gnoll comes into view. It is wielding a +0 spear.
An orc comes into view. It is wielding a +0 short sword.
The gnoll shouts!
The orc shouts!
You hit the ogre.
The ogre is lightly wounded.
The ogre closely misses you.
You hit the ogre.
The ogre is lightly wounded.
The orc closely misses you. The gnoll misses you.
The ogre hits you with a +0 giant club!!
You closely miss the ogre.
The ogre is lightly wounded.
The orc misses you.
The gnoll hits you from afar with a +0 spear.
You hit the ogre.
The ogre is moderately wounded.
The gnoll drinks a potion.
The gnoll seems to speed up.
The orc hits you but does no damage. The ogre barely misses you.
You hit the ogre.
The ogre is heavily wounded.
You block the gnoll's attack. The orc closely misses you.
The gnoll completely misses you. The ogre hits you with a +0 giant club!
The orc closely misses you.
You hit the ogre.
The ogre is heavily wounded.
The gnoll hits you but does no damage.
The gnoll hits you from afar with a +0 spear.
* * * LOW HITPOINT WARNING * * *
You block the orc's attack.
The ogre hits you with a +0 giant club!!
You die...
Your body rises from the dead as a mindless zombie.

#. ##.#### ...... ..
....# #. ...# #...# #
##.####g.# #...# ##
......oO.# #...# #.
#@.####...#######.
#................. #
##.####.#.#.######
#.#####.####.#.#|# #
#..........).....#
#....|..#.##.....####
#..####.#...).......#
#. #.####..[..##.#
#.# ##....# #


You could see an ogre, a gnoll (fast) and an orc.

Vanquished Creatures
  Sigmund (D:2)
  A necrophage (D:3)
  A gnoll sergeant (D:5)
  A scorpion (D:4)
  2 hounds (D:4)
  An iguana (D:4)
  2 gnolls (D:5)
  An adder (D:4)
  A worm (D:3)
  4 dart slugs
  An orc (D:4)
  7 ball pythons
  6 endoplasms
  5 giant cockroaches
  6 hobgoblins
  2 jackals (D:2)
  5 quokkas
  9 bats
  2 frilled lizards (D:2)
  2 goblins
  A hobgoblin zombie (D:2)
  3 kobolds
  5 rats
69 creatures vanquished.

Vanquished Creatures (collateral kills)
  Blork the orc (D:4)
  Jessica (D:2)
  An iguana (D:4)
  2 adders (D:4)
  A ball python (D:1)
  An endoplasm (D:1)
  A goblin (D:1)
  A hobgoblin (D:1)
  A kobold (D:1)
  A quokka (D:4)
11 creatures vanquished.

Vanquished Creatures (others)
  A hound zombie (D:4)
  A bat zombie (D:1)
  A goblin zombie (D:4)
  A rat zombie (D:2)
4 creatures vanquished.

Grand Total: 84 creatures vanquished

Notes
Turn   | Place    | Note
-------+----------+-------------------------------------------
     0 | D:1      | kristalshard the Gargoyle Fighter began the quest for the
                  | Orb.
     0 | D:1      | Reached XP level 1. HP: 14/14 MP: 1/1
    67 | D:1      | Reached XP level 2. HP: 19/19 MP: 2/2
   163 | D:1      | Found a faded altar of an unknown god.
   186 | D:1      | Prayed at the altar of an unknown god.
   186 | D:1      | Became a worshipper of Yredelemnul the Dark
   186 | D:1      | Reached * piety under Yredelemnul
   415 | D:1      | Reached XP level 3. HP: 23/23 MP: 3/3
   597 | D:1      | Reached ** piety under Yredelemnul
   824 | D:2      | Noticed Sigmund
   862 | D:2      | Killed Sigmund
   863 | D:2      | Reached XP level 4. HP: 4/29 MP: 4/4
   863 | D:2      | Reached XP level 5. HP: 5/33 MP: 5/5
  1060 | D:2      | Noticed Jessica
  1072 | D:2      | Killed Jessica
  1073 | D:2      | Reached XP level 6. HP: 38/38 MP: 6/6
  2265 | D:3      | Found Qoibreg's Distillery.
  2288 | D:3      | Bought a potion of might for 44 gold pieces
  2288 | D:3      | Bought a potion of curing for 33 gold pieces
  2288 | D:3      | Bought a potion of curing for 33 gold pieces
  2657 | D:4      | Found an iron altar of Okawaru.
  2668 | D:4      | Reached skill level 5 in Armour
  2745 | D:4      | Noticed Blork the orc
  2755 | D:4      | Killed Blork the orc
  2756 | D:4      | Reached skill level 5 in Maces & Flails
  2756 | D:4      | Reached XP level 7. HP: 23/44 MP: 7/7
  2899 | D:4      | Found a shimmering altar of Xom.
  3009 | D:4      | Found a hide-covered altar of Uskayaw.
  3544 | D:5      | Entered Level 5 of the Dungeon
  3555 | D:5      | Found a runed translucent door.
  3761 | D:5      | Mangled by an ogre

Illustrated notes

Levels and vault maps discovered:
D:1:      dpeg_arrival_arbitrary_a, layout_basic,
          hellmonk_ecumenical_altar_pennies_from_heaven, kennysheep_minor_cross,
          minmay_small_reverse_x
D:2:      layout_loops_ring, minivault_27, kennysheep_jessica_study,
          uniq_sigmund
D:3:      layout_basic, serial_shops, shop, amcnicky_mini_corridor_feature,
          hex_medium, dreamdust_wishing_well, nicolae_underground_beach
D:4:      layout_cave_pods, mainiacjoe_overflow_cross_hatched,
          mainiacjoe_overflow_tiny_flanked, minmay_ruined_shrine,
          uniq_blork_the_orc
D:5:      layout_loops_ring, nemelex_xobeh_ov_fountains_minmay,
          lemuel_doored_altar, ebering_ghost_sewer_f

Skill      XL: |  1  2  3  4  5  6 |
---------------+-------------------+-----
Fighting       | 4 |  4.8
Maces & Flails | 3 5 |  5.5
Armour         | 4 5 |  5.4
Shields        | 4 |  4.8

Action                   |  1- 3 |  4- 6 |  7- 9 || total
-------------------------+-------+-------+-------++-------
Melee: Flail             |   106 |    97 |    50 ||   253
       Spear             |       |       |     6 ||     6
  Use: Scroll            |     4 |     7 |       ||    11
       Potion            |     1 |     1 |       ||     2
 Stab: Distracted        |       |       |     1 ||     1
Armor: Scale mail        |    67 |    39 |    22 ||   128
Dodge: Dodged            |    80 |    53 |    45 ||   178
Block: Buckler           |    35 |    27 |    21 ||    83

Table legend: (Time is in decaauts)
 A = Elapsed time spent in this place.
 B = Non-inter-level travel time spent in this place.
 C = Inter-level travel time spent in this place.
 D = Time resting spent in this place.
 E = Time spent auto-exploring this place.
 F = Levels seen in this place.
 G = Mean time per level.
                   A        B        C        D        E       F      G
               +--------+--------+--------+--------+--------+-----+--------+
         Total |   3825 |   3749 |     76 |    152 |   2814 |   5 |  765.0 |
       Dungeon |   3825 |   3749 |     76 |    152 |   2814 |   5 |  765.0 |
               +--------+--------+--------+--------+--------+-----+--------+

Top non-repeatable levels by time:
     D:3: 962 daAuts
     D:2: 921 daAuts
     D:4: 906 daAuts
     D:1: 814 daAuts
     D:5: 220 daAuts
